 Dungeon Crawl Stone Soup version 0.20-a0-870-g4070442 (webtiles) character file.

131 JeffiDaFish the Digger (level 5, 0/28 HPs)
             Began as a Gargoyle Earth Elementalist on Mar 13, 2017.
             Killed by divine providence
             ... invoked by an orc priest
              (11 damage)
             ... on level 3 of the Dungeon.
             The game lasted 00:05:42 (2572 turns).

JeffiDaFish the Digger (GrEE)                       Turns: 2572, Time: 00:05:42

Health: 0/28       AC:  8    Str: 12    XL:     5   Next: 14%
Magic:  3/8        EV: 12    Int: 15    God:
Gold:   147        SH:  0    Dex: 11    Spells: 5/9 levels left

rFire    . . .     SeeInvis .   j - +0 mace
rCold    . . .     Gourm    .   a - +1 leather armour
rNeg     + . .     Faith    .   (no shield)
rPois    ∞         Spirit   .   (no helmet)
rElec    +         Reflect  .   (no cloak)
rCorr    .         Harm     .   (no gloves)
MR       .....                  (no boots)
Stlth    ++........             (no amulet)
Regen    0.1/turn               (no ring)
MPRegen  0.2/turn               (no ring)

@: very slightly contaminated
A: negative energy resistance 1, electricity resistance, unbreathing,
petrification resistance, rot immunity, AC +4
a: no special abilities


You were on level 3 of the Dungeon.
You were not hungry.

You visited 1 branch of the dungeon, and saw 3 of its levels.

You collected 147 gold pieces.

Inventory:

Hand Weapons
 j - a +0 mace (weapon)
Missiles
 b - 40 stones (quivered)
Armour
 a - a +1 leather armour (worn)
Scrolls
 h - 3 scrolls of identify
Books
 e - a book of Geomancy

   Spells                             Type                      Level
   a - Sandblast                      Earth                        1
   b - Passwall                       Transmutation/Earth          2
   c - Stone Arrow                    Conjuration/Earth            3
   d - Petrify                        Transmutation/Earth          4
   e - Lee's Rapid Deconstruction     Earth                        5
Comestibles
 d - 5 bread rations
 g - 2 meat rations
 i - 3 chunks of flesh


   Skills:
 + Level 0.7 Fighting
 + Level 0.0 Maces & Flails
 + Level 2.1 Dodging
 + Level 2.5 Stealth
 * Level 2.5 Spellcasting
 + Level 0.7 Conjurations
   Level 0.7 Transmutations
 * Level 5.6 Earth Magic


You had 5 spell levels left.
You knew the following spells:

 Your Spells              Type           Power        Failure   Level  Hunger
a - Sandblast             Erth           ###...       2%          1    #......
b - Stone Arrow           Conj/Erth      ##....       24%         3    ###....


Dungeon Overview and Level Annotations

Branches:
Dungeon (3/15)

Altars:
Fedhas
Hepliaklqana

Annotations:
D:2 exclusion: oklob plant


Innate Abilities, Weirdness & Mutations

You are resistant to torment.
Your stone body is resilient. (AC +4)
You are immune to poison.
You resist negative energy. (rN+)
You are resistant to electric shocks. (rElec)
You can survive without breathing.
You are immune to petrification.
You are immune to rotting.


Message History

The orc shouts! x2
Casting: Stone Arrow
Confirm with . or Enter, or press ? or * to list all spells.
Aiming: Sandblast
Press: ? - help, Shift-Dir - straight line, f/p - orc priest
Aim: an orc priest The blast of sand hits the orc priest.
The orc priest is severely wounded.
b - 41 stones
Casting: Sandblast
Confirm with . or Enter, or press ? or * to list all spells.
Aiming: Sandblast
Press: ? - help, Shift-Dir - straight line, f/p - orc priest
Aim: an orc priest (severely wounded)
The blast of sand hits the orc priest.
The orc priest is almost dead.
b - 40 stones The orc priest invokes the aid of Beogh against you.
Beogh smites you!
You die...

#....# #....# #....#
############....#####
.[..............).))##
...)...#####....###..#
....... #...## ##.##
..o....#####...#####..#
...o..o@...'...+).....#
.......#####...#.####.##
w...... #...#.# #..#
....... #...#.# #..#
....... #...#.# #..#
....... ####### #...
....... #># #)#. #######
... #... ##.#


You could see an orc priest, a dart slug (wandering) and 2 orcs.

Vanquished Creatures
  A crimson imp (D:1)
  An orc wizard (D:3)
  An adder (D:3)
  An ooze (D:1)
  3 worms (D:1)
  2 dart slugs (D:1)
  2 leopard geckos (D:1)
  4 orcs (D:3)
  3 bats
  3 giant cockroaches (D:1)
  3 hobgoblins
  3 jackals (D:1)
  4 kobolds
  6 frilled lizards
  9 rats
46 creatures vanquished.

Vanquished Creatures (others)
  A ball python (D:1)
  A goblin (D:1)
  A kobold (D:1)
3 creatures vanquished.

Grand Total: 49 creatures vanquished

Notes
Turn   | Place    | Note
-------+----------+-------------------------------------------
     0 | D:1      | JeffiDaFish the Gargoyle Earth Elementalist began the quest for the Orb.
     0 | D:1      | Reached XP level 1. HP: 10/10 MP: 3/3
     1 | D:1      | Found a runed door.
   214 | D:1      | Reached XP level 2. HP: 15/15 MP: 3/5
   245 | D:1      | Reached skill level 4 in Earth Magic
   808 | D:1      | Noticed a crimson imp
  1010 | D:1      | Killed a crimson imp
  1010 | D:1      | Reached XP level 3. HP: 9/19 MP: 3/6
  1166 | D:1      | Learned a level 3 spell: Stone Arrow
  1217 | D:1      | Reached XP level 4. HP: 20/24 MP: 0/7
  1246 | D:1      | Reached skill level 5 in Earth Magic
  1676 | D:2      | Found a faded altar of an unknown god.
  1838 | D:2      | Found a blossoming altar of Fedhas.
  1856 | D:2      | Noticed an oklob plant
  2234 | D:3      | Found a hazy altar of Hepliaklqana.
  2371 | D:3      | Reached XP level 5. HP: 9/28 MP: 2/8
  2572 | D:3      | Killed from afar by an orc priest

Vault maps used:
D:1:      dpeg_arrival_caged_fury, grunt_decor_mini_mirrors, st_stairs_6,
          minivault_23, hangedman_abyss_or_decor_stabs, lemuel_old_faithful
D:2:      chequers_ecumenical_altar_twisty, first_bread, grunt_decor_one_mirror,
          tgw_fedhas
D:3:      nicolae_overflow_hidden_temple, uniq_terence

Skill      XL: |  1  2  3  4 |
---------------+-------------+-----
Earth Magic    | 4 5 |  5.6
Dodging        | 2 |  2.1
Fighting       | |  0.7
Stealth        | |  2.5
Spellcasting   | |  2.5
Conjurations   | |  0.7
Transmutations | |  0.7

Action                   |  1- 3 |  4- 6 || total
-------------------------+-------+-------++-------
Melee: Unarmed           |     7 |       ||     7
       Short sword       |    39 |    83 ||   122
       War axe           |       |    39 ||    39
 Cast: Sandblast         |    20 |    12 ||    32
       Stone Arrow       |       |     6 ||     6
  Use: Scroll            |     2 |     3 ||     5
       Potion            |     2 |     2 ||     4
  Eat: Chunk             |       |     7 ||     7
Armor: Robe              |     2 |       ||     2
       Leather armour    |    24 |    51 ||    75
Dodge: Dodged            |    40 |    78 ||   118
